 Dungeon Crawl Stone Soup version 0.32-a0-981-g384da2ce10 (webtiles) character file.

Game seed: 18222044085962052967

65 GiantSquids the Changeling (level 4, -3/42 HPs)
             Began as an Octopode Shapeshifter on Apr 21, 2024.
             Slain by a gnoll
             ... wielding a +0 halberd
              (5 damage)
             ... on level 3 of the Dungeon.
             The game lasted 00:02:54 (1669 turns).

GiantSquids the Changeling (Octopode Shapeshifter)  Turns: 1669, Time: 00:02:55

Health: -3/42      AC: 22    Str: 15    XL:     4   Next: 13%
Magic:  4/4        EV:  2    Int: 12    God:
Gold:   197        SH:  0    Dex: 11    Spells: 3/3 levels left

rFire   . . .        i - +2 dagger (freeze)
rCold   . . .        (no shield)
rNeg    . . .        (helmet currently unavailable)
rPois   +            (no amulet)
rElec   .            (no ring)
rCorr   .            (no ring)
SInv    .            (no ring)
Will    .....        (no ring)
Stlth   ++           (no ring)
HPRegen 0.27/turn    (no ring)
MPRegen 0.09/turn    (no ring)
                     (no ring)

%: no passive effects
@: tree-form
A: stationary, stasis, torment immunity, boosted hp, almost no armour,
(amphibious), 8 rings, (camouflage 1), (gelatinous body 1), (nimble swimmer 1),
(tentacles)
a: no special abilities


You were on level 3 of the Dungeon.
You were a tree.
You visited 1 branch of the dungeon, and saw 3 of its levels.

You collected 197 gold pieces.

Inventory:

Hand Weapons
 i - a +2 dagger of freezing (weapon)
Talismans
 b - a beast talisman (active)
 c - a flux talisman
Scrolls
 f - a scroll of fog {unknown}
 g - a scroll of noise {unknown}
 h - 4 scrolls of identify {unknown}
 j - a scroll of revelation {unknown}
 k - a scroll of silence {unknown}
 l - 2 scrolls of teleportation {unknown}
 m - a scroll of fear {unknown}
Potions
 a - a potion of lignification
 d - a potion of attraction {unknown}
 e - a potion of curing {unknown}


   Skills:
 - Level 1.0 Fighting
 - Level 2.0 Dodging
 + Level 2.9 Stealth
 - Level 3.0 Unarmed Combat
 * Level 4.1 Shapeshifting


You had 3 spell levels left.
You didn't know any spells.
Your spell library contained the following spells:

 Spells                   Type           Power      Damage    Failure   Level
 Apportation              Tloc           0%         N/A       32%         1
 Foxfire                  Conj/Fire      0%         2x1d4     32%         1
 Necrotise                Necr           0%         1d4       32%         1
 Sting                    Conj/Alch      0%         1d3       32%         1
 Summon Small Mammal      Summ           0%         N/A       32%         1
 Plasma Beam              Fire/Air       0%         2x1d10    100%        6
 Starburst                Conj/Fire      0%         6d3       100%        6


Dungeon Overview and Level Annotations

Branches:
Dungeon (3/15)

Altars:
Xom

Shops:
D:2 (


Innate Abilities, Weirdness & Mutations

You are a tree.
Your roots penetrate the ground, keeping you stationary.
You cannot be teleported.
You are immune to unholy pain and torment.
Your maximum health is greatly increased.
You cannot wear most types of armour.
((You are amphibious.))
You can wear up to eight rings at the same time.
((Your skin changes colour to match your surroundings (Stealth+).))
((Your rubbery body absorbs attacks. (AC +1, EV +1)))
((You are camouflaged when in or above water. (Stealth+)))
((You have tentacles for arms and can constrict up to eight enemies at once.))


Message History

Found 4 stones.
There is an open door here.
A gnoll comes into view. It is wielding a +0 flail.
The gnoll moves out of view.
A gnoll is nearby!
A gnoll is nearby!
A gnoll comes into view. It is wielding a +0 club.
The gnoll shouts!
You hear a shout!
A gnoll comes into view. It is wielding a +0 halberd.
The gnoll shouts!
The gnoll shouts!
You hit the gnoll. You freeze the gnoll. You grab the gnoll.
The gnoll is heavily wounded.
You constrict the gnoll. The gnoll barely misses you.
You hit the gnoll. You freeze the gnoll.
You kill the gnoll!
The gnoll hits you with a +0 club.
You have reached level 4!
A goblin comes into view. It is wielding a +0 club.
The gnoll hits you with a +0 club. The gnoll closely misses you.
Things that are here:
a +0 flail; a gnoll corpse The goblin shouts!
You hit the gnoll. You freeze the gnoll. Your grab misses the gnoll.
The gnoll is lightly wounded.
The gnoll barely misses you. The gnoll misses you.
You barely miss the gnoll. You grab the gnoll. You constrict the gnoll.
The gnoll completely misses you. The gnoll hits you with a +0 halberd!
Ouch! That really hurt!
* * * LOW HITPOINT WARNING * * *
You hit the gnoll. You freeze the gnoll. You grab the gnoll.
The gnoll is severely wounded.
You constrict the gnoll. x2; The gnoll hits you with a +0 club.
* * * LOW HITPOINT WARNING * * *
The gnoll barely misses you.
Your transformation has ended.
You turn into a tree.
Your roots penetrate the ground.
You lose your grip on the gnoll. x2; The gnoll hits you but does no damage.
The goblin hits you but does no damage. The gnoll hits you with a +0 halberd.
You die...

....#... .#....#.
.#...... . # # †.....#.
.. .# .. .#.#..#...
.#### .# ... ..........
...###.#.#..
####+####.####..........
..##.#.##.......g.......
'##..#..#.......♣g......
#....##.#.......g.......
....##..#...............
....'...#..(........#.#.
....##..#....######.....
.....##.#..#.# ...#.
).†...###.##... ###
........'..###.#
...######......#


You could see 2 gnolls and a goblin.

Vanquished Creatures
  A gnoll (D:3)
  2 dart slugs (D:2)
  A ribbon worm (D:3)
  An orc (D:3)
  3 endoplasms
  3 giant cockroaches
  5 goblins
  7 hobgoblins
  A quokka (D:1)
  3 ball pythons (D:1)
  4 bats
  4 frilled lizards
  7 kobolds
  3 rats (D:1)
45 creatures vanquished.

Notes
Turn   | Place    | Note
-------+----------+-------------------------------------------
     0 | D:1      | GiantSquids the Octopode Shapeshifter began the quest for
                  | the Orb.
     0 | D:1      | Reached XP level 1. HP: 13/13 MP: 1/1
   115 | D:1      | Reached skill level 1 in Stealth
   119 | D:1      | Reached XP level 2. HP: 18/18 MP: 2/2
   651 | D:1      | Reached XP level 3. HP: 23/23 MP: 3/3
   846 | D:2      | Found Huow's Antique Weapon Shop.
   942 | D:2      | Found a shimmering altar of Xom.
  1518 | D:3      | Reached skill level 4 in Shapeshifting
  1665 | D:3      | Reached XP level 4. HP: 25/28 MP: 4/4
  1668 | D:3      | HP: 1/28 [gnoll/+0 club (5)]
  1669 | D:3      | Slain by a gnoll

Illustrated notes

Levels and vault maps discovered:
D:1:      evilmike_arrival_hilbert_curve, layout_basic, minmay_split_cup_large
D:2:      layout_loops_ring, basic_altar, serial_shops, nicolae_shop_crystal
D:3:      layout_basic, mainiacjoe_overflow_alcove_2, minmay_pentangle

Skill      XL: |  1  2  3 |
---------------+----------+-----
Stealth        | 1 2 |  2.9
Shapeshifting  | 4 |  4.1
Fighting       | |  1.0
Dodging        | |  2.0
Unarmed Combat | |  3.0

Action                     |  1- 3 |  4- 6 || total
---------------------------+-------+-------++-------
  Melee: Unarmed           |    29 |       ||    29
         Constrict         |    22 |     2 ||    24
         Tentacles         |    13 |       ||    13
         Punch             |     1 |       ||     1
         Dagger            |    37 |     3 ||    40
    Use: Potion            |       |     1 ||     1
   Stab: Sleeping          |     6 |       ||     6
 Armour: Skin              |    28 |     6 ||    34
  Dodge: Dodged            |    36 |     5 ||    41

Table legend: (Time is in decaauts)
 A = Elapsed time spent in this place.
 B = Non-inter-level travel time spent in this place.
 C = Inter-level travel time spent in this place.
 D = Time resting spent in this place.
 E = Time spent auto-exploring this place.
 F = Levels seen in this place.
 G = Mean time per level.
                   A        B        C        D        E       F      G
               +--------+--------+--------+--------+--------+-----+--------+
         Total |   1666 |   1617 |     49 |      0 |   1325 |   3 |  555.3 |
       Dungeon |   1666 |   1617 |     49 |      0 |   1325 |   3 |  555.3 |
               +--------+--------+--------+--------+--------+-----+--------+

Top non-repeatable levels by time:
     D:1: 772 daAuts
     D:2: 615 daAuts
     D:3: 277 daAuts
